 Dungeon Crawl Stone Soup version 0.29.0-4-gdea44cf6ec (webtiles) character file.

Game seed: 16475007375718423165

48 qw the Chopper (level 3, 0/21 HPs)
             Began as a Tengu Warper on Aug 28, 2022.
             Was an Initiate of Okawaru.
             Slain by a gnoll
             ... wielding a +0 whip
              (4 damage)
             ... on level 2 of the Dungeon.
             The game lasted 00:00:06 (1617 turns).

qw the Chopper (Tengu Warper)                       Turns: 1617, Time: 00:00:06

Health: 0/21       AC:  6    Str: 13    XL:     3   Next: 72%
Magic:  7/7        EV:  9    Int: 13    God:    Okawaru [......]
Gold:   49         SH:  0    Dex: 13    Spells: 6/6 levels left

rFire   . . .      SeeInvis .   Y - +0 hand axe
rCold   . . .      Faith    .   (no shield)
rNeg    . . .      Spirit   .   d - +0 scale mail
rPois   .          Reflect  .   (helmet restricted)
rElec   .          Harm     .   (no cloak)
rCorr   .          Rampage  .   (no gloves)
Will    .....                   (boots unavailable)
Stlth   ..........              (no amulet)
HPRegen 0.07/turn               (no ring)
MPRegen 0.10/turn               (no ring)

@: no status effects
A: beak, talons 3
a: Renounce Religion


You were on level 2 of the Dungeon.
You worshipped Okawaru.
Okawaru was noncommittal.
You visited 1 branch of the dungeon, and saw 2 of its levels.

You collected 49 gold pieces.


Innate Abilities, Weirdness & Mutations

You have a beak for a mouth.
You have claws for feet.


   Skills:
 - Level 2.0 Fighting
 + Level 4.3 Axes
 - Level 1.0 Throwing
 - Level 1.1 Armour
 - Level 2.1 Dodging
 - Level 2.0 Spellcasting
 - Level 2.4 Translocations


You had 6 spell levels left.
You didn't know any spells.
Your spell library contained the following spells:

 Spells                   Type           Power      Damage    Failure   Level
 Blink                    Tloc           14%        N/A       56%         2
 Gell's Gravitas          Tloc           7%         N/A       80%         3
 Lesser Beckoning         Tloc           7%         N/A       80%         3
 Teleport Other           Tloc           7%         N/A       80%         3
 Manifold Assault         Tloc           7%         N/A       100%        5

Inventory:

Hand Weapons
 b - a +0 club
 Y - a +0 hand axe (weapon)
Armour
 d - a +0 scale mail (worn)
Jewellery
 c - a ring of protection from cold
Scrolls
 a - a scroll of identify
Potions
 h - a potion of might {unknown}

Dungeon Overview and Level Annotations

Branches:
Dungeon (2/15)

Altars:
Okawaru


Message History

Press < or > to pray at altars.
You kneel at the altar of Okawaru.
Okawaru welcomes you!
Press < or > to pray at altars.
Press < or > to pray at altars.
Press < or > to pray at altars.
Press < or > to pray at altars.
Found a spear.
A kobold comes into view. It is wielding a +0 dagger.
The kobold shouts!
You hit the kobold. Your peck misses the kobold.
The kobold is heavily wounded.
The kobold misses you.
You hit the kobold.
You kill the kobold!
Okawaru accepts your kill.
A gnoll comes into view. It is wielding a +0 club.
The gnoll shouts!
A gnoll comes into view. It is wielding a +0 whip.
The gnoll shouts!
A gnoll comes into view. It is wielding a +0 spear.
You hit the gnoll but do no damage. The gnoll hits you but does no damage.
You hit the gnoll. You claw the gnoll.
The gnoll is heavily wounded.
The gnoll hits you but does no damage. The gnoll barely misses you.
You closely miss the gnoll. You claw the gnoll. You peck the gnoll.
You kill the gnoll!
Okawaru accepts your kill. The gnoll barely misses you.
You completely miss the gnoll. Your kick misses the gnoll.
The gnoll hits you from afar with a +0 spear.
The gnoll hits you but does no damage.
You hit the gnoll. You claw the gnoll, but do no damage.
The gnoll is moderately wounded.
The gnoll hits you from afar with a +0 spear!
The gnoll hits you with a +0 whip.
You barely miss the gnoll. Your peck misses the gnoll.
The gnoll is moderately wounded.
The gnoll hits you but does no damage. The gnoll hits you with a +0 whip.
You die...

#### . ####... ..
#.....### ....
+.....'. ....##.....#
...........#
....##.gg....#
........@...#
#####..##.......######
...............##...#
#.)........#.###...#
..#..........#.#.....#
#.#....).##..#.#.#.).#
..)....<.....#.#.#...#
..#...)..##.##.#.#.).#
..#......##. #.#.#.###


You could see 2 gnolls.

Vanquished Creatures
  A gnoll (D:2)
  An adder (D:2)
  A worm (D:2)
  3 dart slugs (D:1)
  An endoplasm (D:2)
  2 giant cockroaches (D:1)
  3 ball pythons
  4 frilled lizards (D:1)
  2 goblins
  3 kobolds
  4 rats (D:1)
25 creatures vanquished.

Notes
Turn   | Place    | Note
-------+----------+-------------------------------------------
     0 | D:1      | qw the Tengu Warper began the quest for the Orb.
     0 | D:1      | Reached XP level 1. HP: 12/12 MP: 4/4
     0 | D:1      | 0 ||| qw: Version: 0.1-a-89-g26bdef1
     0 | D:1      | 0 ||| qw: Game counter: 1021
     0 | D:1      | 0 ||| qw: Always use a shield: true
     0 | D:1      | 0 ||| qw: God list: Okawaru
     0 | D:1      | 0 ||| qw: Allow faded altars: false
     0 | D:1      | 0 ||| qw: Do Orc after D:15 true
     0 | D:1      | 0 ||| qw: Do second Lair branch before Depths: true
     0 | D:1      | 0 ||| qw: Lair rune preference: random
     0 | D:1      | 0 ||| qw: Plans: Normal
     0 | D:1      | 0 ||| PLANNING D:1-11
   124 | D:1      | Found a faded altar of an unknown god.
   449 | D:1      | 449 ||| UPGRADING to +0 ring mail.
   458 | D:1      | HP: 1/12 [goblin/+0 club (5)]
   468 | D:1      | Reached XP level 2. HP: 2/17 MP: 6/6
   481 | D:1      | Reached skill level 3 in Axes
   755 | D:1      | 755 ||| DROPPING +0 leather armour.
   811 | D:1      | 811 ||| UPGRADING to +0 scale mail.
   821 | D:1      | 821 ||| DROPPING +0 ring mail.
  1222 | D:1      | 1222 ||| READING 3 scrolls labelled QUUCKU YKEPH.
  1223 | D:1      | 1223 ||| READING scroll labelled TUOTTA ZOEHA.
  1224 | D:1      | 1224 ||| READING 2 scrolls of identify.
  1224 | D:1      | 1224 ||| IDENTIFYING viscous clear potion
  1225 | D:1      | 1225 ||| DROPPING scroll of blinking.
  1226 | D:1      | 1226 ||| DROPPING potion of degeneration.
  1300 | D:2      | Reached XP level 3. HP: 9/21 MP: 7/7
  1300 | D:2      | 1300 ||| STAIRDANCE
  1481 | D:2      | 1481 ||| STAIRDANCE
  1524 | D:2      | Found an iron altar of Okawaru.
  1545 | D:2      | Reached skill level 4 in Axes
  1573 | D:2      | Became a worshipper of Warmaster Okawaru
  1616 | D:2      | HP: 4/21 [gnoll/+0 whip (4)]
  1617 | D:2      | Slain by a gnoll

Levels and vault maps discovered:
D:1:      pf_arrival_petrified_forest, layout_basic,
          shapermc_ecumenical_altar_notcrosses, reono_crystal_passage
D:2:      minmay_door_path, layout_basic, basic_altar,
          minmay_misc_feat_four_crosses, st_stairs_2, roderic_serpentine_path

Skill      XL: |  1  2  3 |
---------------+----------+-----
Axes           | 3 4 |  4.3
Fighting       | |  2.0
Throwing       | |  1.0
Armour         | |  1.1
Dodging        | |  2.1
Spellcasting   | |  2.0
Translocations | |  2.4

Action                   || total
-------------------------++-------
Melee: Hand axe          ||    54
       Kick              ||    12
       Peck              ||     9
       Punch             ||     1
Throw: Boomerang         ||     7
  Use: Scroll            ||     3
Armor: Leather armour    ||     2
       Scale mail        ||     9
       Ring mail         ||     1
Dodge: Dodged            ||    15

Table legend:
 A = Non-vault XP
 B = Vault XP
 C = Vault XP percentage of total XP
 D = Non-vault monster count
 E = Vault monster count
 F = Vault count percentage of total count
                 A         B        C        D         E       F
            +---------+---------+-------+---------+---------+-------
      Total |      69 |       0 |   0.0 |      25 |       0 |   0.0
            +---------+---------+-------+---------+---------+-------
        D:1 |      28 |       0 |   0.0 |      17 |       0 |   0.0
        D:2 |      41 |       0 |   0.0 |       8 |       0 |   0.0
            +---------+---------+-------+---------+---------+-------
